 Dungeon Crawl Stone Soup version 0.30-b1-2-g02819fbbbe (webtiles) character file.

Game seed: 5718681067300072470

63 night the Chiller (level 3, -8/31 HPs)
             Began as a Troll Ice Elementalist on May 23, 2023.
             Killed by nerve-wracking pain
             ... invoked by an orc priest
              (10 damage)
             ... on level 2 of the Dungeon.
             The game lasted 00:02:21 (1053 turns).

night the Chiller (Troll Ice Elementalist)          Turns: 1053, Time: 00:02:21

Health: -8/31      AC:  4    Str: 16    XL:     3   Next: 89%
Magic:  2/4        EV:  9    Int: 13    God:
Gold:   39         SH:  0    Dex: 10    Spells: 1/5 levels left

rFire   . .          .
                       - Unarmed
rCold   . . .        (no shield)
rNeg    . . .        a - +0 robe
rPois   .            (helmet restricted)
rElec   .            (no cloak)
rCorr   .            (gloves unavailable)
SInv    .            (boots unavailable)
Will    .....        (no amulet)
Stlth   +            (no ring)
HPRegen 1.05/turn    (no ring)
MPRegen 0.09/turn

%: no passive effects
@: no status effects
A: large, unfitting armour, claws 3, regeneration 1, shaggy fur 1, tough skin 1
a: no special abilities


You were on level 2 of the Dungeon.
You visited 1 branch of the dungeon, and saw 3 of its levels.

You collected 39 gold pieces.

Inventory:

Missiles
 c - 6 poisoned darts
 i - 15 stones
Armour
 a - a +0 robe (worn)
Jewellery
 m - a ring of protection from cold
Scrolls
 e - a scroll of torment {unknown}
 h - 2 scrolls of identify {unknown}
 j - a scroll of poison {unknown}
 k - a scroll of immolation {unknown}
 l - a scroll of teleportation {unknown}
 n - a scroll of acquirement {unknown}
 o - a scroll of magic mapping {unknown}
Potions
 b - a potion of magic
 d - a potion of cancellation {unknown}
 f - a potion of curing
 g - 2 potions of flight {unknown}


   Skills:
 - Level 1.5 Dodging
 - Level 1.0 Stealth
 + Level 1.9 Unarmed Combat
 + Level 1.8 Spellcasting
 + Level 3.4 Ice Magic


You had one spell level left.
You knew the following spells:

 Your Spells              Type           Power      Damage    Failure   Level
a - Freeze                Ice            40%        1d6       6%          1
b - Frozen Ramparts       Ice            20%        1d4       19%         3

Your spell library contained the following spells:

 Spells                   Type           Power      Damage    Failure   Level
 Ozocubu's Armour         Ice            10%        N/A       19%         3
 Summon Ice Beast         Ice/Summ       5%         N/A       78%         4


Dungeon Overview and Level Annotations

Branches:
Dungeon (3/15)

Altars:


Innate Abilities, Weirdness & Mutations

You are too large for most types of armour.
You have claws for hands.
Your natural rate of healing is unusually fast.
You are covered in fur. (AC +1)
You have tough skin. (AC +1)


Message History

The orc priest closely misses you. The orc barely misses you.
The wall freezes the kobold.
The wall freezes the orc.
The orc hits you but does no damage.
You scratch the orc.
The orc is severely wounded.
The wall freezes the giant cockroach.
You kill the giant cockroach!
Unknown command.
You scratch the orc.
You kill the orc!
The orc hits you with a +0 war axe.
The wall freezes the kobold.
The orc priest hits you with a +1 mace of protection.
* * * LOW HITPOINT WARNING * * *
You scratch the orc but do no damage.
The orc is heavily wounded.
The frozen ramparts melt away.
The orc priest hits you with a +1 mace of protection.
* * * LOW HITPOINT WARNING * * *
The orc closely misses you.
The kobold hits you with a +0 short sword.
* * * LOW HITPOINT WARNING * * *
It was a potion of curing.
You feel better. The orc barely misses you.
The kobold hits you with a +0 short sword.
* * * LOW HITPOINT WARNING * * *
The orc priest calls down the wrath of Beogh upon you.
You barely resist. The orc hits you but does no damage.
The kobold closely misses you.
The orc priest casts a cantrip, but nothing happens.
You climb upwards.
There is a stone staircase leading down here.
You barely miss the orc priest. The orc priest barely misses you.
The orc hits you with a +0 war axe!
* * * LOW HITPOINT WARNING * * *
The kobold hits you with a +0 short sword.
* * * LOW HITPOINT WARNING * * *
You claw the orc priest!
The orc priest is severely wounded.
The orc priest calls down the wrath of Beogh upon you.
Pain shoots through your body!
You die...

....######..........#.#
###.................#.#
....######.......####.#
....#...##.......#....#
....#...###........####
....#.....#.......##
....#.............#
....#...........oo#
...............K@.########
.........................#
......##.................#
..÷...##.................#
#.....##.................#
......########....########
.......# #....# ##~###.###
###....# .#≈#.#...#
#...####


You could see an orc priest, an orc and a kobold.

Vanquished Creatures
  2 adders (D:2)
  A dart slug (D:1)
  3 orcs (D:3)
  A ball python (D:1)
  2 bats (D:1)
  5 endoplasms
  A giant cockroach (D:3)
  4 goblins
  2 hobgoblins (D:2)
  3 quokkas (D:1)
  A frilled lizard (D:1)
  7 kobolds
  6 rats
38 creatures vanquished.

Notes
Turn   | Place    | Note
-------+----------+-------------------------------------------
     0 | D:1      | night the Troll Ice Elementalist began the quest for the
                  | Orb.
     0 | D:1      | Reached XP level 1. HP: 16/16 MP: 1/1
    22 | D:1      | Reached skill level 3 in Ice Magic
    89 | D:1      | Reached XP level 2. HP: 24/24 MP: 3/3
   129 | D:1      | Reached skill level 1 in Unarmed Combat
   431 | D:1      | You fall into a shaft and drop 1 floor!
   568 | D:2      | Reached XP level 3. HP: 31/31 MP: 4/4
   641 | D:2      | Identified the +3 trident "Xomameost" {protect, Will+
                  | Dex+2}
   772 | D:2      | Learned a level 3 spell: Frozen Ramparts
  1048 | D:3      | HP: 1/31 [kobold/+0 short sword (3)]
  1053 | D:2      | Killed from afar by an orc priest

Illustrated notes

Levels and vault maps discovered:
D:1:      nzn_arrival_crosshair, layout_basic
D:2:      layout_basic, grunt_decor_cap
D:3:      layout_basic, mainiacjoe_overflow_cross_hatched, minivault_11,
          minmay_misc_feat_nine_boxes, chequers_serial_rivers_micro_d,
          chequers_serial_rivers_room_a

Skill      XL: |  1  2 |
---------------+-------+-----
Ice Magic      | 3 |  3.4
Unarmed Combat | 1 |  1.9
Dodging        | |  1.5
Stealth        | |  1.0
Spellcasting   | |  1.8

Action                     || total
---------------------------++-------
  Melee: Unarmed           ||   106
   Cast: Freeze            ||     1
         Frozen Ramparts   ||     1
    Use: Potion            ||     1
   Stab: Sleeping          ||     1
 Armour: Robe              ||    37
  Dodge: Dodged            ||    53
